 Dungeon Crawl Stone Soup version 0.17.0-28-g6e173f8 (webtiles) character file.

63 coffecat the Sneak (level 3, -6/26 HPs)
             Began as a Vampire Enchanter on Dec 3, 2015.
             Killed by divine providence
             ... invoked by an orc priest
              (10 damage)
             ... on level 3 of the Dungeon.
             The game lasted 00:11:41 (4027 turns).

coffecat the Sneak (Vampire Enchanter)              Turns: 4027, Time: 00:11:41

Health: -6/26      AC:  0    Str:  3    XL:     3   Next: 87%
Magic:  4/6        EV: 21    Int: 17    God:
Gold:   91         SH:  0    Dex: 19    Spells: 2 memorised, 2 levels left

rFire  . . .     SeeInvis +     (weapon currently unavailable)
rCold  + . .     Clarity  .     (armour currently unavailable)
rNeg   + + .     SustAt   .     (shield currently unavailable)
rPois  +         Gourm    .     (helmet currently unavailable)
rElec  .         Spirit   .     (cloak currently unavailable)
rCorr  .         Warding  .     (gloves currently unavailable)
rMut   .         Stasis   .     (boots currently unavailable)
MR     .....                    (no amulet)
Stlth  ++++......               (ring currently unavailable)
                                (ring currently unavailable)

@: bat-form, flying, regenerating slowly, very quick, not resistant to hostile
enchantments, stealthy
A: (fangs 0), see invisible, (unbreathing)
a: End Transformation


You were on level 3 of the Dungeon.
You were very thirsty.
You were in vampire-bat-form.
You visited 1 branch of the dungeon, and saw 5 of its levels.

You collected 91 gold pieces.

Inventory:

Hand Weapons
 a - a +2 dagger (melded)
Armour
 b - a +1 robe
 e - a +0 robe
 h - a cursed +0 chain mail (melded)
Scrolls
 f - a scroll of identify
Potions
 d - 3 potions of blood
 j - a potion of flight
Books
 c - a book of Maledictions

   Spells                             Type                      Level
   a - Corona                         Hexes                        1
   b - Ensorcelled Hibernation        Hexes/Ice                    2
   c - Confuse                        Hexes                        3
   d - Tukima's Dance                 Hexes                        3
   e - Dazzling Spray                 Conjuration/Hexes            3


   Skills:
 * Level 1.0 Fighting
 + Level 1.3 Short Blades
 + Level 0.2 Armour
 + Level 3.1 Dodging
 * Level 5.6 Stealth
 - Level 2.0 Spellcasting
 - Level 4.7 Hexes


You had 2 spell levels left.
You knew the following spells:

 Your Spells              Type           Power        Failure   Level  Hunger
a - Corona                Hex            ###....      2%          1    #......
b - Confuse               Hex            ###.....     10%         3    ###....


Dungeon Overview and Level Annotations

Branches:
Dungeon (5/15)
 Temple: D:4-7

Altars:

Annotations:
D:2 Crazy Yiuf


Innate Abilities, Weirdness & Mutations

You heal slowly.
((You have razor-sharp teeth.))
You have supernaturally acute eyesight.
((You can survive without breathing.))


Message History

The orc hits you but does no damage.
Your chain mail prevents you from hitting the orc.
Your bite misses the orc.
The orc is severely wounded.
The orc hits you.
* * * LOW HITPOINT WARNING * * *
You hit the orc.
You kill the orc!
Your Fighting skill increases to level 1!
The orc hits you but does no damage.
You turn into a vampire bat.
Your +2 dagger melds into your body.
Your cursed +0 chain mail melds into your body.
The orc hits you with a club.
* * * LOW HITPOINT WARNING * * *
The orc priest looks braver for a moment.
Things that are here:
a ring mail; a fuming ruby potion The orc priest mumbles some strange prayers to Beogh against you.
Something smites you!
You die...

#............).##.#######
#.###..#..####.##.......#
#.# #.##..# #.##.#####.#
#.# #.##..####.#...####.#
#.###.##.............##.###
#..........###.#...#.......
#####......# #.##.#####.###
####.#####o##.# #.#
#..b.o[.##.. ..#
##########.## #### #.# .#


You could see an orc priest and an orc.

Vanquished Creatures
  Ijyb (D:2)
  3 orcs (D:3)
  A ball python (D:1)
  8 bats (D:1)
  5 goblins (D:1)
  5 hobgoblins (D:1)
  3 kobolds (D:1)
  A giant newt (D:1)
  4 rats (D:1)
31 creatures vanquished.

Vanquished Creatures (others)
  A goblin (D:3)
1 creature vanquished.

Grand Total: 32 creatures vanquished

Notes
Turn   | Place    | Note
--------------------------------------------------------------
     0 | D:1      | coffecat the Vampire Enchanter began the quest for the Orb.
     0 | D:1      | Reached XP level 1. HP: 13/13 MP: 3/3
   638 | D:1      | Reached XP level 2. HP: 13/19 MP: 3/5
  1152 | D:1      | Reached skill level 5 in Stealth
  1967 | D:2      | Noticed Crazy Yiuf
  2217 | D:2      | Noticed Ijyb
  2250 | D:2      | Killed Ijyb
  2250 | D:2      | Reached XP level 3. HP: 16/25 MP: 4/6
  2350 | D:2      | You fall through a shaft for 2 floors!
  2415 | D:5      | Entered Level 5 of the Dungeon
  3069 | D:3      | Learned a level 3 spell: Confuse
  4022 | D:3      | Reached skill level 1 in Fighting
  4027 | D:3      | Killed from afar by an orc priest

Action                   || total
-------------------------++-------
Melee: Dagger            ||   132
       Unarmed           ||     5
 Cast: Corona            ||     8
 Abil: Bat Form          ||     4
       End Transformatio ||     3
  Use: Potion            ||     4
       Scroll            ||     5
 Stab: Sleeping          ||     3
